 Dungeon Crawl Stone Soup version 0.23.2-1-ga50397a (webtiles) character file.

Game seed: 7177948960986229675

18794 Kairos the Brawler (level 12, 0/94 HPs)
             Began as a Ghoul Monk on Apr 24, 2019.
             Was the Champion of Okawaru.
             Slain by a death yak (12 damage)
             ... led by a torpor snail
             ... on level 2 of the Lair of Beasts.
             The game lasted 00:27:21 (12069 turns).

Kairos the Brawler (Ghoul Monk)                    Turns: 12069, Time: 00:27:22

Health: 0/94       AC: 25    Str: 20    XL:     12   Next: 62%
Magic:  11/11      EV: 10    Int:  5    God:    Okawaru [******]
Gold:   927        SH:  4    Dex: 11    Spells: 11/11 levels left

rFire    + + .     SeeInvis +     - Unarmed
rCold    + . .     Gourm    .   A - +0 buckler
rNeg     + + +     Faith    +   B - +7 chain mail of the Gate {rF++ SInv}
rPois    ∞         Spirit   .   U - +2 helmet
rElec    .         Reflect  .   C - +2 cloak
rCorr    .         Harm     .   (no gloves)
MR       .....                  H - +0 pair of boots
Stlth    +.........             X - amulet of faith
HPRegen  0.00/turn              q - ring of stealth
MPRegen  0.12/turn              S - ring of stealth

@: about to teleport, rotting, slowed, very slow
A: rotting body, claws 1, carnivore, cold resistance 1, negative energy
resistance 3, inhibited regeneration, torment resistance, unbreathing
a: Heroism, Finesse, Renounce Religion


You were on level 2 of the Lair of Beasts.
You worshipped Okawaru.
Okawaru was exalted by your worship.
You were not hungry.

You visited 3 branches of the dungeon, and saw 14 of its levels.

You collected 927 gold pieces.

Inventory:

Hand Weapons
 F - the +10 mace of Drought {drain, rC+}
   (You found it on level 6 of the Dungeon)

   A truly terrible weapon, it drains the life of those it strikes.
   It protects you from cold.
 T - the +0 rapier of Chance {flame, MR++ Str+4}
   (You found it on level 1 of the Lair of Beasts)

   It has been specially enchanted to burn those struck by it, causing extra
   injury to most foes and up to half again as much damage against particularly
   susceptible opponents.
   It affects your strength (+4).
   It affects your resistance to hostile enchantments.
Missiles
 n - 17 tomahawks
 O - 7 steel tomahawks (quivered)
 V - 6 tomahawks of dispersal
 W - 2 poisoned javelins
Armour
 A - a +0 buckler (worn)
 B - the +7 chain mail of the Gate (worn) {rF++ SInv}
   (You found it on level 8 of the Dungeon)

   It greatly protects you from fire.
   It lets you see invisible.
 C - a +2 cloak (worn)
 E - a scarf of spirit shield
 H - a +0 pair of boots (worn)
 U - a +2 helmet (worn)
 Z - the +2 helmet of Charity {-Tele rElec Int+4 Stlth+}
   (Okawaru gifted it to you on level 2 of the Lair of Beasts)

   It affects your intelligence (+4).
   It insulates you from electricity.
   It prevents most forms of teleportation.
   It makes you more stealthy.
Jewellery
 e - an uncursed ring of protection from fire
 o - an uncursed ring of magical power
 q - a ring of stealth (left claw)
 J - an uncursed ring of ice
 L - an uncursed amulet of the acrobat
 S - a ring of stealth (right claw)
 X - an amulet of faith (around neck)
Wands
 l - a wand of flame (12)
 m - a wand of acid (14)
 t - a wand of paralysis (12)
 P - a wand of iceblast (13)
Scrolls
 c - 4 scrolls of teleportation
 f - a scroll of enchant weapon {unknown}
 g - 2 scrolls of remove curse
 h - 3 scrolls of magic mapping
 i - 2 scrolls of immolation
 j - a scroll of random uselessness {unknown}
 k - 2 scrolls of amnesia {unknown}
 p - 4 scrolls of noise {unknown}
 v - a scroll of fog {unknown}
 w - 4 scrolls of blinking {unknown}
 y - 2 scrolls of enchant armour {unknown}
 z - 3 scrolls of fear {unknown}
 Q - 4 scrolls of identify
Potions
 a - a potion of berserk rage {unknown}
 d - a potion of flight {unknown}
 r - a potion of haste
 u - 4 potions of heal wounds
 x - 2 potions of degeneration {unknown}
 D - 2 potions of resistance {unknown}
 G - 2 potions of curing {unknown}
 I - 2 potions of brilliance {unknown}
 K - 2 potions of agility
 M - a potion of magic {unknown}
 Y - a potion of ambrosia {unknown}
Miscellaneous
 R - a lamp of fire
Comestibles
 b - 39 rations
 s - 11 chunks of flesh


   Skills:
 + Level 5.0 Fighting
 + Level 2.5 Throwing
 + Level 7.7 Armour
 + Level 5.2 Dodging
 + Level 4.1 Stealth
 + Level 3.4 Shields
 * Level 17.2 Unarmed Combat
 + Level 1.0 Invocations
 + Level 0.7 Evocations


You had 11 spell levels left.
You didn't know any spells.
Your spell library was empty.

Dungeon Overview and Level Annotations

Branches:
Dungeon (11/15)            Temple (1/1) D:7            Lair (2/6) D:11
  Snake (0/4) Lair:2
  Swamp: Lair:2-4    Shoals: Lair:2-4       Orc: D:9-12

Altars:
Ashenzari
Cheibriados
Elyvilon
Gozag
Hepliaklqana
Kikubaaqudgha
Makhleb
Nemelex Xobeh
Okawaru
Qazlal
Ru
Sif Muna
Trog
Uskayaw
Vehumet
Wu Jian
Xom
Yredelemnul
Zin

Shops:
D:6 (


Innate Abilities, Weirdness & Mutations

Your body is rotting away.
You thrive on raw meat.
You are immune to poison.
You have sharp fingernails.
You are carnivorous and can eat meat at any time.
Your flesh is cold resistant. (rC+)
You are immune to negative energy. (rN+++)
You do not regenerate when monsters are visible.
You are immune to unholy pain and torment.
You can survive without breathing.


Message History

The death yak gores you but does no damage.
The death yak gores you!!
Things that are here:
6 chunks of flesh; a hippogriff skeleton
s - 11 chunks of flesh (gained 6)
The death yak gores you! The death yak gores you!
You feel yourself speed up.
Being near the torpor snail leaves you feeling lethargic.
The death yak gores you! You block the death yak's attack.
You block the death yak's attack.
As you read the scroll of teleportation, it crumbles to dust.
You feel strangely unstable. The death yak gores you. The death yak gores you!
* * * LOW HITPOINT WARNING * * *
The death yak gores you!
* * * LOW HITPOINT WARNING * * *
Unknown command.
The death yak gores you!
You die...

#..#..##...#....#...#....#....
#.....###...)..#...###........
##.....##...#...#...##...##....
#.......##...#..##..###÷.# ...
##..P..###..#...#...##÷..# ..
#.....###.........w.....#.. .
#..#..##....#...#...........
#......##..#...#YY...........
#.....P##......@#..P#.......###
#..#..###..........###......##..
##......#...........# #......#...
#......##P..........###......##..
#......###......#P....#......##..
##..#................#........##.
#P..............##..P##......# #.
##..................##.......#...
P...P...........#....##......##..


You could see 2 death yaks and a torpor snail.

Vanquished Creatures
  Snorg (D:10)
  The ghost of Aske the Slicer, a journeyman GrGl of Ashenzari (D:10)
  2 two-headed ogres
  2 unseen horrors (D:11)
  The ghost of Frank the Slasher, a novice OpFi (D:7)
  Pikel (D:5)
  A manticore (D:9)
  A wolf spider (D:10)
  A black mamba (Lair:1)
  2 spiny frogs
  2 centaur skeletons (D:11)
  A gargoyle (D:11)
  2 komodo dragons
  A rime drake (Lair:1)
  4 trolls
  Grinder (D:4)
  Prince Ribbit (D:5)
  4 hippogriffs
  A spriggan (D:6)
  A wyvern (Lair:2)
  A basilisk (Lair:1)
  12 yaks
  A hungry ghost (D:11)
  Edmund (D:6)
  4 water moccasins
  4 nagas (Lair:2)
  6 orc warriors
  A porcupine (Lair:2)
  A sky beast (D:11)
  3 black bears
  A slave (D:5)
  3 ice beasts
  5 ogres
  7 centaurs
  5 crocodiles
  7 bullfrogs
  2 scorpions (D:11)
  6 killer bees
  6 wights
  3 howler monkeys (D:11)
  An electric eel (Lair:2)
  7 crimson imps
  3 centaur zombies
  2 quasits
  2 bullfrog zombies
  5 orc wizards
  Crazy Yiuf (D:5)
  A bullfrog skeleton (D:5)
  4 orc priests
  6 hounds
  4 iguanas
  2 jellies (D:10)
  9 worker ants
  A killer bee zombie (D:10)
  A hound zombie (D:7)
  A worker ant zombie (D:5)
  14 adders
  A gnoll (D:1)
  2 oozes
  2 adder skeletons
  4 worms (D:2)
  2 dart slugs
  3 leopard geckos
  41 orcs
  9 bats
  A giant cockroach (D:2)
  7 goblins
  8 hobgoblins
  11 jackals
  A quokka (D:8)
  4 frilled lizards
  5 kobolds
  A leopard gecko zombie (D:9)
  13 rats
289 creatures vanquished.

Notes
Turn   | Place    | Note
-------+----------+-------------------------------------------
     0 | D:1      | Kairos the Ghoul Monk began the quest for the Orb.
     0 | D:1      | Reached XP level 1. HP: 19/19 MP: 0/0
    44 | D:1      | Reached XP level 2. HP: 15/26 MP: 1/1
   440 | D:1      | Reached skill level 4 in Unarmed Combat
   440 | D:1      | Reached XP level 3. HP: 10/30 MP: 2/2
  1004 | D:2      | Found a white marble altar of Elyvilon.
  1176 | D:2      | Reached XP level 4. HP: 28/39 MP: 3/3
  1237 | D:2      | Found a shattered altar of Ashenzari.
  1550 | D:2      | Reached skill level 5 in Unarmed Combat
  1591 | D:2      | Reached XP level 5. HP: 42/46 MP: 4/4
  1694 | D:2      | Noticed a moth of wrath
  1697 | D:2      | Found a bloodstained altar of Trog.
  1971 | D:3      | Reached skill level 1 in Armour
  2024 | D:3      | Found a radiant altar of Vehumet.
  2820 | D:4      | Reached XP level 6. HP: 44/51 MP: 5/5
  2896 | D:4      | Reached skill level 6 in Unarmed Combat
  2913 | D:4      | Noticed Grinder
  3165 | D:4      | Paralysed by Grinder for 5 turns
  3177 | D:4      | Killed Grinder
  3177 | D:4      | Reached skill level 7 in Unarmed Combat
  3177 | D:4      | Reached XP level 7. HP: 58/58 MP: 6/6
  3396 | D:5      | Entered Level 5 of the Dungeon
  3447 | D:5      | Noticed Prince Ribbit
  3666 | D:5      | Found a hazy altar of Hepliaklqana.
  3696 | D:5      | Found a runed translucent door.
  3697 | D:5      | Noticed Crazy Yiuf
  3890 | D:5      | Reached skill level 8 in Unarmed Combat
  3907 | D:5      | Reached XP level 8. HP: 59/66 MP: 7/7
  4081 | D:5      | Noticed Pikel
  4086 | D:5      | Paralysed by Pikel for 4 turns
  4093 | D:5      | Paralysed by Pikel for 5 turns
  4106 | D:5      | Killed Pikel
  4106 | D:5      | Reached skill level 1 in Throwing
  4106 | D:5      | Reached skill level 9 in Unarmed Combat
  4347 | D:5      | Reached skill level 10 in Unarmed Combat
  4547 | D:5      | Killed Crazy Yiuf
  4618 | D:6      | Noticed Edmund
  4620 | D:6      | Got a dazzling mace
  4628 | D:6      | Killed Edmund
  4649 | D:6      | Reached XP level 9. HP: 65/71 MP: 8/8
  4748 | D:6      | Found a deep blue altar of Sif Muna.
  4902 | D:6      | Reached skill level 11 in Unarmed Combat
  5372 | D:6      | Found Ammiat's Antique Weapon Shoppe.
  5410 | D:6      | Identified the +10 mace of Drought {drain, rC+} (You found
                  | it on level 6 of the Dungeon)
  5770 | D:5      | Killed Prince Ribbit
  5926 | D:7      | Found a staircase to the Ecumenical Temple.
  5936 | Temple   | Entered the Ecumenical Temple
  6121 | Temple   | Became a worshipper of Warmaster Okawaru
  6121 | Temple   | Reached * piety under Okawaru
  6121 | Temple   | Reached ** piety under Okawaru
  6179 | D:7      | Reached skill level 12 in Unarmed Combat
  6295 | D:7      | Reached XP level 10. HP: 68/78 MP: 9/9
  6332 | D:7      | Found a stormy altar of Qazlal.
  6378 | D:7      | Found a runed translucent door.
  6421 | D:7      | Noticed Frank's ghost (novice OpFi)
  6724 | D:7      | Killed Frank's ghost
  6724 | D:7      | Reached skill level 5 in Armour
  6748 | D:8      | Found a glowing silver altar of Zin.
  6783 | D:8      | Got a twisted chain mail
  6796 | D:8      | Identified the +7 chain mail of the Gate {rF++ SInv} (You
                  | found it on level 8 of the Dungeon)
  7021 | D:8      | Reached *** piety under Okawaru
  7050 | D:8      | Reached skill level 13 in Unarmed Combat
  7117 | D:8      | Found an ancient bone altar of Kikubaaqudgha.
  7973 | D:9      | Reached **** piety under Okawaru
  8465 | D:9      | Noticed a manticore
  8486 | D:9      | Killed a manticore
  8486 | D:9      | Reached skill level 1 in Shields
  8486 | D:9      | Reached skill level 14 in Unarmed Combat
  8871 | D:10     | Entered Level 10 of the Dungeon
  8930 | D:10     | Reached XP level 11. HP: 54/85 MP: 10/10
  9015 | D:10     | Noticed a two-headed ogre
  9024 | D:10     | Killed a two-headed ogre
  9024 | D:10     | Received a gift from Okawaru
  9513 | D:10     | Noticed Snorg
  9548 | D:10     | Killed Snorg
  9548 | D:10     | Reached ***** piety under Okawaru
  9548 | D:10     | Reached skill level 15 in Unarmed Combat
  9730 | D:10     | Found a runed translucent gate.
  9730 | D:10     | Found a runed translucent gate.
  9733 | D:10     | Found a runed translucent gate.
  9733 | D:10     | Noticed a wolf spider
  9734 | D:10     | Found an opulent altar of Gozag.
  9734 | D:10     | Noticed Aske's ghost (journeyman GrGl)
  9752 | D:10     | Killed a wolf spider
  9777 | D:10     | Killed Aske's ghost
  9926 | D:11     | Noticed an unseen horror
  9934 | D:11     | Reached skill level 5 in Dodging
  9950 | D:11     | Killed an unseen horror
  9977 | D:11     | Noticed an unseen horror
  9990 | D:11     | Received a gift from Okawaru
 10021 | D:11     | Killed an unseen horror
 10022 | D:11     | Noticed a two-headed ogre
 10029 | D:11     | Noticed an unseen horror
 10055 | D:11     | Reached ****** piety under Okawaru
 10055 | D:11     | Reached XP level 12. HP: 52/92 MP: 11/11
 10121 | D:11     | Found a staircase to the Lair.
 10198 | D:11     | Reached skill level 16 in Unarmed Combat
 10326 | D:11     | Killed a two-headed ogre
 10326 | D:11     | Received a gift from Okawaru
 10484 | D:11     | Found a bloodstained altar of Trog.
 10569 | Lair:1   | Entered Level 1 of the Lair of Beasts
 10624 | Lair:1   | Reached skill level 1 in Invocations
 11046 | Lair:1   | Got a crystal rapier
 11047 | Lair:1   | Identified the cursed +0 rapier of Chance {flame, MR++
                  | Str+4} (You found it on level 1 of the Lair of Beasts)
 11467 | Lair:2   | Received a gift from Okawaru
 11530 | Lair:2   | Found a staircase to the Snake Pit.
 11645 | Lair:2   | Reached skill level 17 in Unarmed Combat
 11666 | Lair:2   | Received a gift from Okawaru
 11673 | Lair:2   | Got a pitted helmet {god gift}
 11684 | Lair:2   | Identified the +2 helmet of Charity {-Tele rElec Int+4
                  | Stlth+} (Okawaru gifted it to you on level 2 of the Lair of
                  | Beasts)
 11978 | Lair:2   | Reached skill level 5 in Fighting
 12045 | Lair:2   | Noticed a death yak
 12046 | Lair:2   | Noticed a death yak
 12069 | Lair:2   | Slain by a death yak

Skill      XL: |  1  2  3  4  5  6  7  8  9 10 11 12 |
---------------+-------------------------------------+-----
Unarmed Combat | 4 5 7 8 10 12 14 15 17 | 17.2
Dodging        | 3 4 5 |  5.2
Armour         | 1 2 3 4 6 7 |  7.7
Stealth        | 3 4 |  4.1
Fighting       | 4 5 |  5.0
Throwing       | 1 2 |  2.5
Shields        | 1 2 3 |  3.4
Invocations    | 1 |  1.0
Evocations     | |  0.7

Action                   |  1- 3 |  4- 6 |  7- 9 | 10-12 || total
-------------------------+-------+-------+-------+-------++-------
Melee: Unarmed           |    91 |   228 |   254 |   648 ||  1221
       Punch             |       |     4 |     5 |       ||     9
Throw: Tomahawk          |       |     4 |    11 |    19 ||    34
Invok: Heroism           |       |       |       |     8 ||     8
Evoke: Wand              |       |       |     2 |     4 ||     6
  Use: Scroll            |       |     5 |       |    10 ||    15
       Potion            |       |       |       |     1 ||     1
 Stab: Sleeping          |     4 |     2 |     4 |     1 ||    11
  Eat: Chunk             |     1 |    24 |    24 |    41 ||    90
Armor: Robe              |    16 |       |       |       ||    16
       Ring mail         |     7 |    75 |     1 |       ||    83
       Scale mail        |       |       |    87 |    10 ||    97
       Chain mail        |       |       |       |   388 ||   388
Dodge: Dodged            |    53 |   131 |   128 |   293 ||   605
Block: Buckler           |       |       |    16 |   122 ||   138
